[ AOE2 MATCH · #507273107 ]
UnrankedPoles vs Ethiopians
Player's team · WIN
Rival team · LOSS
[ REPLAY ANALYSIS · EXTRACTED FROM THE RECORDED GAME ]
Feudal
9:44
Castle
23:02
Imperial
—
| APM avg | 53.7 |
| APM peak | 90 |
| eAPM avg | 28.4 |
| Villagers / military | 58 / 23 |
Focus
⚔️ 41.2% · 🌾 58.8%
Spearman ×11 · Scout Cavalry ×8 · Militia ×4
Feudal
10:32
Castle
15:41
Imperial
—
| APM avg | 60.9 |
| APM peak | 103 |
| eAPM avg | 23.4 |
| Villagers / military | 37 / 7 |
Focus
⚔️ 28.2% · 🌾 71.8%
Knight ×3 · Monk ×2 · Mangonel ×2
Match map
Initial resources + every placement click. Lines = walls · curves = elevation contours. ◆ gold · ⬟ stone · ● berries · ✦ relic · ◌ wall gap
Your base· Open — unwalled flank
ENroth's base· Open — unwalled flank
Smoothed initial terrain · ◌ = detected wall gap · hover for details
Inputs per minute
— Jaco - - ENroth
Build order — Jaco
First 150 of 175 actions detected
| 0:00 | Queue | Villager (Male) |
| 0:01 | Queue | Villager (Male) |
| 0:02 | Build | House |
| 0:03 | Build | House |
| 0:07 | Queue | Villager (Male) |
| 0:08 | Queue | Villager (Male) |
| 0:08 | Queue | Villager (Male) |
| 1:30 | Queue | Villager (Male) |
| 2:03 | Queue | Villager (Male) |
| 2:04 | Queue | Villager (Male) |
| 2:17 | Build | Lumber Camp |
| 2:21 | Queue | Villager (Male) |
| 2:22 | Queue | Villager (Male) |
| 2:48 | Queue | Villager (Male) |
| 3:05 | Queue | Villager (Male) |
| 3:05 | Queue | Villager (Male) |
| 3:40 | Queue | Villager (Male) |
| 3:40 | Queue | Villager (Male) |
| 3:53 | Build | House |
| 4:00 | Queue | Villager (Male) |
| 4:01 | Queue | Villager (Male) |
| 4:20 | Queue | Villager (Male) |
| 4:20 | Queue | Villager (Male) |
| 4:44 | Build | Mill |
| 4:47 | Queue | Villager (Male) |
| 5:24 | Queue | Villager (Male) |
| 5:25 | Queue | Villager (Male) |
| 5:56 | Queue | Villager (Male) |
| 6:08 | Build | Barracks |
| 6:27 | Queue | Villager (Male) |
| 6:27 | Research | Loom |
| 6:45 | Build | House |
| 7:00 | Build | Mining Camp |
| 7:22 | Build | House |
| 7:34 | Research | Feudal Age |
| 7:35 | Research | Feudal Age |
| 7:50 | Queue | Militia |
| 8:29 | Queue | Militia |
| 8:29 | Queue | Militia |
| 8:34 | Queue | Militia |
| 9:20 | Queue | Villager (Male) |
| 9:31 | Build | Palisade Wall |
| 9:44 | Age | Feudal Age |
| 9:53 | Build | Watch Tower |
| 9:57 | Research | Man-at-Arms (upgrade) |
| 10:03 | Queue | Villager (Male) |
| 10:30 | Build | Watch Tower |
| 10:39 | Build | Watch Tower |
| 10:42 | Queue | Villager (Male) |
| 10:48 | Research | Horse Collar |
| 10:48 | Research | Horse Collar |
| 11:11 | Queue | Villager (Male) |
| 11:11 | Queue | Villager (Male) |
| 11:13 | Build | Farm |
| 11:29 | Queue | Villager (Male) |
| 11:31 | Build | Farm |
| 11:32 | Build | Farm |
| 11:56 | Build | Palisade Wall |
| 12:00 | Build | Palisade Wall |
| 12:02 | Queue | Villager (Male) |
| 12:04 | Build | Farm |
| 12:07 | Build | Farm |
| 12:13 | Build | Farm |
| 12:15 | Build | Farm |
| 12:16 | Queue | Villager (Male) |
| 12:29 | Build | Watch Tower |
| 12:38 | Queue | Villager (Male) |
| 12:47 | Build | House |
| 12:59 | Queue | Villager (Male) |
| 13:23 | Queue | Villager (Male) |
| 13:42 | Queue | Villager (Male) |
| 13:53 | Build | Stable |
| 14:04 | Build | Mill |
| 14:06 | Queue | Villager (Male) |
| 14:19 | Build | Palisade Wall |
| 14:20 | Build | Palisade Wall |
| 14:20 | Build | Palisade Wall |
| 14:21 | Build | Palisade Wall |
| 14:21 | Build | Palisade Wall |
| 14:22 | Build | Palisade Wall |
| 14:22 | Build | Palisade Wall |
| 14:23 | Build | Palisade Wall |
| 14:23 | Build | Palisade Wall |
| 14:24 | Build | Palisade Wall |
| 14:24 | Build | Palisade Wall |
| 14:32 | Build | Watch Tower |
| 14:41 | Build | Watch Tower |
| 14:46 | Build | Palisade Wall |
| 14:51 | Build | Palisade Wall |
| 14:53 | Build | Palisade Wall |
| 14:53 | Build | Palisade Wall |
| 14:54 | Build | Palisade Wall |
| 14:57 | Build | Palisade Wall |
| 15:00 | Build | Palisade Wall |
| 15:08 | Queue | Villager (Male) |
| 15:08 | Queue | Villager (Male) |
| 15:10 | Build | Farm |
| 15:11 | Build | Farm |
| 15:13 | Build | Farm |
| 15:28 | Build | Palisade Wall |
| 15:28 | Build | Palisade Wall |
| 15:28 | Build | Palisade Wall |
| 15:29 | Build | Palisade Wall |
| 15:44 | Build | Farm |
| 15:45 | Build | Farm |
| 15:57 | Queue | Villager (Male) |
| 16:21 | Queue | Villager (Male) |
| 16:38 | Queue | Spearman |
| 16:38 | Queue | Spearman |
| 17:00 | Queue | Spearman |
| 17:16 | Queue | Spearman |
| 17:18 | Queue | Villager (Male) |
| 17:18 | Queue | Villager (Male) |
| 17:21 | Build | Blacksmith |
| 17:25 | Build | Blacksmith |
| 18:16 | Queue | Villager (Male) |
| 18:17 | Queue | Villager (Male) |
| 18:29 | Queue | Villager (Male) |
| 18:30 | Queue | Villager (Male) |
| 18:50 | Queue | Villager (Male) |
| 18:52 | Queue | Spearman |
| 19:10 | Queue | Spearman |
| 19:11 | Queue | Villager (Male) |
| 19:14 | Build | Stable |
| 19:57 | Build | Farm |
| 20:09 | Build | Farm |
| 20:11 | Build | Farm |
| 20:20 | Research | Castle Age |
| 20:20 | Research | Castle Age |
| 20:30 | Build | Palisade Wall |
| 21:09 | Build | Mining Camp |
| 21:18 | Build | Mining Camp |
| 21:41 | Queue | Scout Cavalry |
| 21:42 | Queue | Scout Cavalry |
| 22:15 | Queue | Spearman |
| 22:16 | Queue | Spearman |
| 22:46 | Queue | Scout Cavalry |
| 22:47 | Queue | Scout Cavalry |
| 22:50 | Research | Forging |
| 22:50 | Research | Forging |
| 22:54 | Queue | Spearman |
| 23:02 | Age | Castle Age |
| 23:08 | Research | Light Cavalry (upgrade) |
| 23:13 | Build | House |
| 23:19 | Research | Heavy Plow |
| 23:19 | Research | Heavy Plow |
| 23:20 | Research | Double-Bit Axe |
| 23:33 | Queue | Spearman |
| 23:51 | Queue | Scout Cavalry |
| 23:53 | Queue | Villager (Male) |
Build order — ENroth
80 actions detected in the replay
| 0:00 | Queue | Villager (Male) |
| 0:01 | Queue | Villager (Male) |
| 0:01 | Queue | Villager (Male) |
| 0:01 | Queue | Villager (Male) |
| 0:02 | Build | House |
| 0:04 | Build | House |
| 1:28 | Queue | Villager (Male) |
| 2:06 | Queue | Villager (Male) |
| 2:07 | Queue | Villager (Male) |
| 2:15 | Build | House |
| 2:16 | Build | House |
| 2:33 | Queue | Villager (Male) |
| 2:36 | Build | Lumber Camp |
| 3:19 | Queue | Villager (Male) |
| 3:19 | Queue | Villager (Male) |
| 3:51 | Queue | Villager (Male) |
| 3:51 | Queue | Villager (Male) |
| 4:31 | Queue | Villager (Male) |
| 4:58 | Queue | Villager (Male) |
| 4:59 | Queue | Villager (Male) |
| 4:59 | Queue | Villager (Male) |
| 4:59 | Queue | Villager (Male) |
| 5:11 | Build | Mill |
| 5:45 | Queue | Villager (Male) |
| 6:35 | Queue | Villager (Male) |
| 6:35 | Queue | Villager (Male) |
| 6:41 | Queue | Villager (Male) |
| 6:41 | Research | Loom |
| 7:15 | Build | Mining Camp |
| 7:35 | Build | Barracks |
| 8:20 | Research | Feudal Age |
| 8:29 | Build | House |
| 9:41 | Build | Palisade Wall |
| 10:32 | Age | Feudal Age |
| 10:40 | Queue | Villager (Male) |
| 10:40 | Queue | Villager (Male) |
| 10:41 | Queue | Villager (Male) |
| 11:07 | Queue | Villager (Male) |
| 11:21 | Build | Blacksmith |
| 11:48 | Build | Stable |
| 13:01 | Research | Castle Age |
| 13:02 | Research | Castle Age |
| 13:23 | Build | Lumber Camp |
| 13:53 | Build | House |
| 14:40 | Research | Double-Bit Axe |
| 14:41 | Research | Horse Collar |
| 15:33 | Build | Farm |
| 15:37 | Build | Farm |
| 15:41 | Age | Castle Age |
| 15:47 | Queue | Knight |
| 15:48 | Queue | Villager (Male) |
| 16:25 | Build | Farm |
| 18:31 | Build | Town Center |
| 18:43 | Queue | Villager (Male) |
| 19:51 | Build | Outpost |
| 20:08 | Queue | Villager (Male) |
| 20:15 | Build | Farm |
| 20:20 | Queue | Villager (Male) |
| 20:24 | Build | Outpost |
| 20:50 | Queue | Knight |
| 21:23 | Build | Siege Workshop |
| 21:29 | Queue | Villager (Male) |
| 21:34 | Queue | Knight |
| 21:47 | Build | Farm |
| 21:55 | Build | Farm |
| 22:03 | Queue | Villager (Male) |
| 23:06 | Queue | Mangonel |
| 23:52 | Build | Monastery |
| 24:36 | Queue | Villager (Male) |
| 24:37 | Queue | Monk |
| 24:37 | Queue | Monk |
| 25:13 | Queue | Mangonel |
| 25:41 | Queue | Villager (Male) |
| 25:41 | Queue | Villager (Male) |
| 25:51 | Research | Fletching |
| 26:18 | Build | Outpost |
| 27:56 | Queue | Villager (Male) |
| 28:13 | Build | Town Center |
| 28:19 | Queue | Villager (Male) |
| 28:19 | Queue | Villager (Male) |
Match timeline
| 6:08 | Jaco · first_building Barracks |
| 7:35 | ENroth · first_building Barracks |
| 9:31 | Jaco · wall_segment Palisade Wall x1 |
| 9:41 | ENroth · wall_segment Palisade Wall x1 |
| 9:44 | Jaco · age_up feudal |
| 10:32 | ENroth · age_up feudal |
| 11:48 | ENroth · first_building Stable |
| 11:56 | Jaco · wall_segment Palisade Wall x1 |
| 12:00 | Jaco · wall_segment Palisade Wall x1 |
| 13:53 | Jaco · first_building Stable |
| 14:19 | Jaco · wall_segment Palisade Wall x1 |
| 14:20 | Jaco · wall_segment Palisade Wall x1 |
| 14:20 | Jaco · wall_segment Palisade Wall x1 |
| 14:21 | Jaco · wall_segment Palisade Wall x2 |
| 14:21 | Jaco · wall_segment Palisade Wall x1 |
| 14:22 | Jaco · wall_segment Palisade Wall x1 |
| 14:22 | Jaco · wall_segment Palisade Wall x1 |
| 14:23 | Jaco · wall_segment Palisade Wall x1 |
| 14:23 | Jaco · wall_segment Palisade Wall x1 |
| 14:24 | Jaco · wall_segment Palisade Wall x1 |
| 14:24 | Jaco · wall_segment Palisade Wall x1 |
| 14:46 | Jaco · wall_segment Palisade Wall x1 |
| 14:51 | Jaco · wall_segment Palisade Wall x1 |
| 14:53 | Jaco · wall_segment Palisade Wall x1 |
| 14:53 | Jaco · wall_segment Palisade Wall x1 |
| 14:54 | Jaco · wall_segment Palisade Wall x1 |
| 14:57 | Jaco · wall_segment Palisade Wall x1 |
| 15:00 | Jaco · wall_segment Palisade Wall x1 |
| 15:28 | Jaco · wall_segment Palisade Wall x2 |
| 15:28 | Jaco · wall_segment Palisade Wall x1 |
| 15:28 | Jaco · wall_segment Palisade Wall x1 |
| 15:29 | Jaco · wall_segment Palisade Wall x1 |
| 15:41 | ENroth · age_up castle |
| 20:30 | Jaco · wall_segment Palisade Wall x1 |
| 21:23 | ENroth · first_building Siege Workshop |
| 23:02 | Jaco · age_up castle |
| 23:52 | ENroth · first_building Monastery |
| 25:53 | Jaco · first_market_buy 100 stone |
| 26:47 | Jaco · first_building Castle |
| 27:56 | Jaco · wall_segment Palisade Wall x1 |
| 27:58 | Jaco · wall_segment Palisade Wall x1 |
| 28:00 | Jaco · wall_segment Palisade Wall x1 |
| 28:25 | ENroth · resign |
[ AI ANALYSIS · 1 CREDIT ]
What really happened in this match?
Wolo.gg analyzes every decision: build order, eco, micro, common mistakes by bracket. Personalized analysis on WhatsApp or Discord in 30 seconds.
Civ guide
Poles
Perfil
Jugador #1470140